 Dungeon Crawl Stone Soup version 0.17.1-1-g73c8601 (webtiles) character file.

386 Runnr the Skirmisher (level 6, -2/40 HPs)
             Began as a Gargoyle Fighter on Jan 3, 2016.
             Slain by an ogre
             ... wielding a +0 giant spiked club
              (7 damage)
             ... on level 5 of the Dungeon.
             The game lasted 00:06:40 (2480 turns).

Runnr the Skirmisher (Gargoyle Fighter)             Turns: 2480, Time: 00:06:40

Health: -2/40      AC: 14    Str: 24    XL:     6   Next: 78%
Magic:  6/6        EV:  7    Int:  9    God:
Gold:   138        SH: 10    Dex: 11    Spells: 0 memorised, 5 levels left

rFire  . . .     SeeInvis .     a - +0 war axe
rCold  . . .     Clarity  .     b - +0 scale mail
rNeg   + . .     SustAt   .     c - +0 shield
rPois  ∞         Gourm    .     (no helmet)
rElec  +         Spirit   .     (no cloak)
rCorr  .         Warding  .     (no gloves)
rMut   .         Stasis   .     (no boots)
MR     .....                    (no amulet)
Stlth  ..........               (no ring)
                                i - +3 ring of protection

@: mighty, not resistant to hostile enchantments, extremely unstealthy
A: negative energy resistance 1, electricity resistance, unbreathing,
petrification resistance, rot immunity, AC +4
a: no special abilities


You were on level 5 of the Dungeon.
You were hungry.

You visited 1 branch of the dungeon, and saw 7 of its levels.

You collected 138 gold pieces.

Inventory:

Hand Weapons
 a - a +0 war axe (weapon)
Armour
 b - a +0 scale mail (worn)
 c - a +0 shield (worn)
Jewellery
 i - a +3 ring of protection (left hand)
 v - an uncursed amulet of rage {unknown}
Wands
 s - a wand of flame (17)
Scrolls
 f - 4 scrolls of remove curse {unknown}
 g - 4 scrolls of identify {unknown}
 u - 2 scrolls of enchant weapon {unknown}
 w - a scroll of amnesia {unknown}
Potions
 h - a potion of mutation {unknown}
 k - a potion of ambrosia {unknown}
 l - a potion of invisibility {unknown}
 n - a potion of cure mutation {unknown}
 o - a potion of magic {unknown}
 p - a potion of agility {unknown}
Comestibles
 e - 3 bread rations
 m - 4 fruits
 q - a meat ration
 r - a beef jerky
 t - 2 royal jellies


   Skills:
 + Level 5.0 Fighting
 + Level 3.6 Axes
 + Level 4.9 Armour
 + Level 4.7 Shields


You had 5 spell levels left.
You didn't know any spells.

Dungeon Overview and Level Annotations

Branches:
Dungeon (7/15)             Temple (0/1) D:7

Altars:
Elyvilon
Fedhas
Nemelex Xobeh
Yredelemnul

Annotations:
D:6 Menkaure
D:7 Prince Ribbit


Innate Abilities, Weirdness & Mutations

You are resistant to torment.
Your stone body is resilient (AC +4).
You are immune to poison.
You resist negative energy.
You are resistant to electric shocks.
You can survive without breathing.
You are immune to petrification.
You are immune to rotting.


Message History

The ogre hits you with a giant spiked club!
* * * LOW HITPOINT WARNING * * *
Your shield and scale mail prevent you from hitting the ogre.
You block the ogre's attack.
You hit the ogre.
The ogre is moderately wounded.
Drink which item? (? for menu, Esc to quit)
Okay, then.
Drink which item? (? for menu, Esc to quit)
You feel better.
The ogre hits you with a giant spiked club.
* * * LOW HITPOINT WARNING * * *
Your shield and scale mail prevent you from hitting the ogre.
The ogre is moderately wounded.
The ogre hits you with a giant spiked club!
* * * LOW HITPOINT WARNING * * *
You hit the ogre.
The ogre is heavily wounded.
The ogre hits you with a giant spiked club!
You die...

.....
#.....:.#
..?..
#.......#
#####
#.......#
#.########
#.........
#....#######
#....##..Zl#
#.......##O#
###..l..####@#
......Z.># #.#
.........##
#.#
..........#
#.#
......#####
#.# ...%.. #..
...##. ###


You could see an ogre, a giant newt and a giant gecko skeleton.

Vanquished Creatures
  Sigmund (D:2)
  A scorpion (D:5)
  A giant frog skeleton (D:7)
  3 gnolls (D:4)
  4 adders
  An ooze (D:2)
  3 worms (D:2)
  2 giant geckos (D:3)
  5 orcs
  5 giant cockroaches
  5 hobgoblins
  A quokka (D:3)
  9 bats
  7 giant newts
  7 goblins
  2 jackals (D:7)
  6 kobolds
  5 rats
  3 fungi (D:2)
71 creatures vanquished.

Notes
Turn   | Place    | Note
--------------------------------------------------------------
     0 | D:1      | Runnr the Gargoyle Fighter began the quest for the Orb.
     0 | D:1      | Reached XP level 1. HP: 14/14 MP: 1/1
   215 | D:1      | Reached XP level 2. HP: 19/19 MP: 2/2
   824 | D:2      | Reached XP level 3. HP: 21/23 MP: 3/3
   849 | D:2      | Noticed Sigmund
   859 | D:2      | Killed Sigmund
   859 | D:2      | Reached skill level 4 in Fighting
   859 | D:2      | Reached XP level 4. HP: 17/30 MP: 4/4
   859 | D:2      | Reached XP level 5. HP: 19/34 MP: 5/5
  1012 | D:2      | Found a blossoming altar of Fedhas.
  1124 | D:2      | Found a white marble altar of Elyvilon.
  1399 | D:2      | Reached XP level 6. HP: 39/39 MP: 6/6
  1511 | D:3      | Found a sparkling altar of Nemelex Xobeh.
  1648 | D:3      | Found a basalt altar of Yredelemnul.
  2285 | D:4      | You fall through a shaft for 3 floors!
  2285 | D:7      | Noticed Prince Ribbit
  2372 | D:7      | Found a staircase to the Ecumenical Temple.
  2391 | D:6      | Noticed Menkaure
  2395 | D:5      | Entered Level 5 of the Dungeon
  2430 | D:5      | Reached skill level 5 in Fighting
  2480 | D:5      | Slain by an ogre

Action                   |  1- 3 |  4- 6 || total
-------------------------+-------+-------++-------
Melee: War axe           |    83 |   235 ||   318
  Use: Potion            |       |     5 ||     5
  Eat: Chunk             |       |     5 ||     5
